 Dungeon Crawl Stone Soup version 0.31-a0-431-g88bdf31460 (webtiles) character file.

Game seed: 18441585154367051730

18438 mopl the Martial Artist (level 12, -3/98 HPs)
             Began as an Octopode Shapeshifter on July 31, 2023.
             Was a Believer of Uskayaw.
             Slain by an ogre
             ... wielding a +0 giant club
              (17 damage)
             ... on level 1 of the Orcish Mines.
             The game lasted 00:18:55 (16748 turns).

mopl the Martial Artist (Octopode Shapeshifter)    Turns: 16748, Time: 00:18:56

Health: -3/98      AC:  9    Str: 19    XL:     12   Next: 58%
Magic:  25/25      EV: 14    Int: 12    God:    Uskayaw [**....]
Gold:   848        SH:  0    Dex: 16    Spells: 11/11 levels left

rFire   . .          .
                       - Unarmed
rCold   + + .        (shield currently unavailable)
rNeg    . . .        (helmet currently unavailable)
rPois   .            (no amulet)
rElec   .            i - ring of resist corrosion
rCorr   +            q - ring of magical power
SInv    .            h - ring of protection from cold
Will    +....        o - ring of protection from cold
Stlth   +            x - ring of willpower
HPRegen 0.36/turn    (no ring)
MPRegen 0.19/turn    (no ring)
                     (no ring)

%: no passive effects
@: snake-form
A: constrict, boosted hp, almost no armour, amphibious, 8 rings, large,
(camouflage 1), (gelatinous body 1), (nimble swimmer 1), (tentacles)
a: Begin Untransformation, Renounce Religion, Stomp, Line Pass


You were on level 1 of the Orcish Mines.
You worshipped Uskayaw.
Uskayaw was noncommittal.
You were an enormous anaconda.
You visited 3 branches of the dungeon, and saw 14 of its levels.
You also visited: Sewer.

You collected 848 gold pieces.

Inventory:

Hand Weapons
 F - a +2 demon blade of venom
 G - a +2 lajatang of speed
 M - a +2 scimitar of flaming
Missiles
 j - 27 poisoned darts (quivered)
 z - 5 boomerangs
 O - 6 javelins
Jewellery
 h - a ring of protection from cold (on tentacle)
 i - a ring of resist corrosion (left tentacle)
 o - a ring of protection from cold (on tentacle)
 q - a ring of magical power (right tentacle)
 x - a ring of willpower (on tentacle)
Talismans
 b - a beast talisman
 B - a serpent talisman (active)
Wands
 l - a wand of acid (15)
 I - a wand of flame (1)
 L - a wand of polymorph (13)
Scrolls
 c - 2 scrolls of teleportation
 k - 3 scrolls of enchant armour {unknown}
 m - 2 scrolls of blinking {unknown}
 n - 2 scrolls of torment {unknown}
 p - 3 scrolls of noise {unknown}
 s - a scroll of brand weapon {unknown}
 v - a scroll of butterflies {unknown}
 y - 2 scrolls of fear {unknown}
 A - 2 scrolls of immolation {unknown}
 C - 2 scrolls of poison {unknown}
 D - a scroll of revelation {unknown}
 E - a scroll of silence {!r}
 J - 3 scrolls of amnesia
 N - 2 scrolls of enchant weapon {unknown}
Potions
 a - 5 potions of lignification {!q}
 d - 2 potions of heal wounds
 e - a potion of might
 f - 4 potions of curing
 g - 2 potions of resistance
 r - a potion of invisibility
 t - 2 potions of haste
 u - 2 potions of mutation {!q}
 w - a potion of cancellation
 H - a potion of berserk rage {!q}
 K - a potion of magic
 P - a potion of brilliance


   Skills:
 + Level 8.1 Fighting
 - Level 1.4 Throwing
 + Level 8.3 Dodging
 * Level 11.7 Unarmed Combat
 + Level 6.1 Invocations
 * Level 10.1 Shapeshifting


You had 11 spell levels left.
You didn't know any spells.
Your spell library contained the following spells:

 Spells                   Type           Power      Damage    Failure   Level
 Apportation              Tloc           0%         N/A       32%         1
 Magic Dart               Conj           0%         1d3       32%         1
 Lesser Beckoning         Tloc           0%         N/A       45%         2
 Searing Ray              Conj           0%         2d4       45%         2
 Gell's Gravitas          Tloc           0%         N/A       69%         3
 Ozocubu's Armour         Ice            0%         N/A       69%         3
 Stone Arrow              Conj/Erth      0%         3d7       69%         3
 Teleport Other           Tloc           0%         N/A       69%         3
 Fulminant Prism          Conj/Hex       0%         3d5       97%         4
 Alistair's Intoxication  Tmut/Pois      0%         N/A       100%        5
 Ozocubu's Refrigeration  Ice            0%         4d7       100%        7
 Lehudib's Crystal Spear  Conj/Erth      0%         10d2      100%        8
 Animate Armour           Summ/Erth      Unusable   N/A       N/A         4

Dungeon Overview and Level Annotations

Branches:
Dungeon (11/15)            Temple (1/1) D:5            Lair (0/5) D:8
    Orc (2/2) D:9           Sewer (visited)
    Elf: Orc:2

Altars:
Ashenzari
Cheibriados
Dithmenos
Elyvilon
Fedhas
Gozag
Hepliaklqana
Kikubaaqudgha
Makhleb
Nemelex Xobeh
Okawaru
Qazlal
Ru
Sif Muna
Trog
Uskayaw
Vehumet
Wu Jian
Xom
Yredelemnul
Zin
The Shining One

Shops:
D:5 [   D:10 (   D:11 =

Portals:
Trove: D:11 (give 2 scrolls of acquirement)


Innate Abilities, Weirdness & Mutations

You are an enormous anaconda.
You have a powerful constriction melee attack.
Your maximum health is increased.
Your armour is entirely melded.
You are incapable of wielding weapons or throwing items.
You cannot wear most types of armour.
You are amphibious.
You can wear up to eight rings at the same time.
((Your skin changes colour to match your surroundings (Stealth+).))
((Your rubbery body absorbs attacks. (AC +1, EV +1)))
((You are camouflaged when in or above water. (Stealth+)))
((You have tentacles for arms and can constrict up to eight enemies at once.))


Message History

You barely miss the cyclops.
The cyclops is almost dead.
The orc hits you with a +0 falchion. The cyclops hits you!!
Unknown command.
You hit the cyclops but do no damage.
The cyclops is almost dead.
The orc hits you but does no damage.
You barely miss the cyclops.
The cyclops is almost dead.
The ogre barely misses you. The orc hits you but does no damage.
The orc hits you with a +0 falchion. The cyclops hits you!
Unknown command.
You lash the cyclops!
The cyclops is almost dead.
The orc hits you but does no damage. The orc closely misses you.
Unknown command.
You hit the cyclops.
The cyclops is almost dead.
The ogre misses you. The cyclops hits you!
You body-slam the cyclops!!
You kill the cyclops!
The orc completely misses you. The orc barely misses you.
Unknown command.
You lash the ogre! You grab the ogre.
The ogre is moderately wounded.
You constrict the ogre. The ogre barely misses you.
The orc warrior hits you with a +0 long sword!
The orc closely misses you. The ogre barely misses you.
You release your grip on the ogre.
The orc warrior attacks as you move away!
The orc warrior hits you with a +0 long sword.
The orc hits you with a +0 falchion. The orc hits you but does no damage. x2
Unknown command.
The ogre hits you with a +0 giant club!
* * * LOW HITPOINT WARNING * * *
The orc barely misses you.
There is a stone staircase leading down here.
You can't go up here!
The ogre hits you with a +0 giant club!
You die...

...##.. #.##
.....#..#...#
....#.......###
.....#..#.....##
..#.$....#.....#
...............#
.......oo......##
#......oOo(.....#
.$..#.SOo..$..##
. #........##
.........##
..........##
..#.......###
.#.........
##.$.......
###$##.....


You could see an orc warrior, 2 ogres and 4 orcs.

Vanquished Creatures
  Erica (D:10)
  A boulder beetle (D:11)
  A two-headed ogre (D:11)
  Urug (D:10)
  A cyclops (Orc:1)
  3 orc sorcerers
  A manticore (D:7)
  2 ugly things
  A gargoyle (D:10)
  2 komodo dragons
  A kobold demonologist (D:7)
  2 hornets
  6 trolls
  3 shadows
  2 wraiths
  A wyvern (D:9)
  15 yaks
  Sigmund (D:2)
  2 vampire mosquitoes (D:10)
  A warg (D:9)
  2 water moccasins
  An acid dragon (D:9)
  Duvessa (D:5)
  2 black bears
  9 orc warriors
  2 sky beasts
  2 ice beasts
  An ogre (Orc:1)
  2 wolves (D:8)
  10 centaurs
  A phantom (D:6)
  A kobold brigand (D:10)
  7 bullfrogs
  3 scorpions
  15 wights
  Dowan (D:5)
  2 troll zombies (D:9)
  9 killer bees (D:9)
  9 howler monkeys
  2 electric eels (D:8)
  A crimson imp (D:8)
  8 orc priests
  2 jellies
  15 hounds
  3 iguanas
  A sleepcap (D:7)
  Natasha (thrice) (D:4)
  Terence (D:3)
  17 orc wizards
  4 ogre zombies (D:9)
  3 gnolls (D:5)
  16 adders
  3 river rats (Sewer)
  2 shadow imps
  A white imp (D:7)
  2 ufetubi
  A worm (D:2)
  3 dart slugs
  41 orcs
  17 endoplasms
  2 giant cockroaches (D:1)
  9 goblins
  7 hobgoblins
  4 jackals (D:5)
  13 kobolds
  4 quokkas
  13 ball pythons
  4 bats
  7 frilled lizards
  3 goblin zombies (D:9)
  3 hobgoblin zombies (D:9)
  6 orc skeletons (D:9)
  7 orc zombies (D:9)
  33 rats
389 creatures vanquished.

Vanquished Creatures (others)
  An orc (D:9)
1 creature vanquished.

Grand Total: 390 creatures vanquished

Notes
Turn   | Place    | Note
-------+----------+-------------------------------------------
     0 | D:1      | mopl the Octopode Shapeshifter began the quest for the Orb.
     0 | D:1      | Reached XP level 1. HP: 13/13 MP: 1/1
   105 | D:1      | Reached XP level 2. HP: 17/18 MP: 2/2
   263 | D:1      | Found Eroerrur's Magic Scroll Shop.
   589 | D:1      | Reached XP level 3. HP: 22/23 MP: 3/3
  1245 | D:2      | Noticed Sigmund
  1444 | D:2      | Reached XP level 4. HP: 27/28 MP: 4/4
  1510 | D:2      | Found a glowing silver altar of Zin.
  1604 | D:2      | HP: 1/29 [worm (9)]
  1909 | D:2      | Reached skill level 4 in Unarmed Combat
  2185 | D:2      | Killed Sigmund
  2186 | D:2      | Reached skill level 2 in Fighting
  2186 | D:2      | Reached skill level 3 in Dodging
  2186 | D:2      | Reached skill level 4 in Shapeshifting
  2186 | D:2      | Reached XP level 5. HP: 27/35 MP: 5/5
  2186 | D:2      | Reached XP level 6. HP: 31/40 MP: 6/6
  2389 | D:2      | Found a glowing silver altar of Zin.
  3194 | D:3      | You fall into a shaft and drop 2 floors!
  3194 | D:5      | Entered Level 5 of the Dungeon
  3231 | D:5      | Found a glowing drain.
  3242 | Sewer    | Entered a sewer
  3599 | Sewer    | Reached skill level 5 in Unarmed Combat
  3599 | Sewer    | Reached XP level 7. HP: 32/45 MP: 7/7
  3827 | D:5      | Noticed Dowan
  3920 | D:5      | Reached skill level 3 in Fighting
  4074 | D:3      | Noticed Terence
  4085 | D:3      | Killed Terence
  4598 | D:4      | Noticed Natasha
  4607 | D:4      | Killed Natasha
  4637 | D:4      | Noticed Natasha
  4645 | D:4      | Killed Natasha
  4706 | D:4      | Reached skill level 5 in Shapeshifting
  5050 | D:4      | Noticed Natasha
  5057 | D:4      | Killed Natasha
  5127 | D:5      | Noticed Duvessa
  5154 | D:5      | Killed Duvessa
  5155 | D:5      | Reached XP level 8. HP: 10/52 MP: 8/8
  5313 | D:5      | Killed Dowan
  5314 | D:5      | Reached skill level 4 in Dodging
  5314 | D:5      | Reached skill level 6 in Unarmed Combat
  5351 | D:5      | Found a staircase to the Ecumenical Temple.
  5375 | Temple   | Entered the Ecumenical Temple
  5451 | D:5      | Found Yhirchecs's Armour Shop.
  5673 | D:5      | Found a white marble altar of Elyvilon.
  5673 | D:5      | Found a shimmering blue altar of Sif Muna.
  5673 | D:5      | Found a shadowy altar of Dithmenos.
  6608 | D:6      | Noticed a brown ugly thing
  6611 | D:6      | Reached skill level 4 in Fighting
  6624 | D:6      | Killed a brown ugly thing
  6625 | D:6      | Reached skill level 7 in Unarmed Combat
  6625 | D:6      | Reached skill level 6 in Shapeshifting
  6625 | D:6      | Reached XP level 9. HP: 19/59 MP: 9/9
  6948 | D:6      | Reached skill level 5 in Dodging
  7547 | D:7      | Reached skill level 8 in Unarmed Combat
  7567 | D:7      | Reached skill level 5 in Fighting
  7577 | D:7      | Reached skill level 7 in Shapeshifting
  7901 | D:7      | Found a stormy altar of Qazlal.
  7939 | D:7      | Found a hide-covered altar of Uskayaw.
  7962 | D:7      | Became a worshipper of Uskayaw the Reveller
  8105 | D:7      | Reached * piety under Uskayaw
  8285 | D:7      | Found the +8 frozen axe "Frostbite" {freeze, freezing
                  | cloud, *Noise Fly rC+}
  8288 | D:7      | Noticed a manticore
  8293 | D:7      | Reached ** piety under Uskayaw
  8294 | D:7      | Reached *** piety under Uskayaw
  8295 | D:7      | Killed a manticore
  8296 | D:7      | Reached skill level 1 in Invocations
  8296 | D:7      | Reached XP level 10. HP: 30/66 MP: 10/10
  8688 | D:7      | Reached skill level 6 in Dodging
  8845 | D:7      | Noticed a kobold demonologist
  8868 | D:7      | Noticed a soul eater
  8871 | D:7      | Killed a kobold demonologist
  8872 | D:7      | Reached skill level 9 in Unarmed Combat
  8872 | D:7      | Reached skill level 2 in Invocations
  9093 | D:7      | Noticed a purple ugly thing
  9099 | D:7      | Killed a purple ugly thing
  9102 | D:7      | Reached **** piety under Uskayaw
  9103 | D:7      | Reached skill level 6 in Fighting
  9103 | D:7      | Reached skill level 8 in Shapeshifting
  9436 | D:8      | Found an iron altar of Okawaru.
  9472 | D:8      | Found a glowing silver altar of Zin.
  9472 | D:8      | Found an opulent altar of Gozag.
  9582 | D:8      | Identified the +1 robe of Atheism {rElec Slay+3}
  9607 | D:8      | Paralysed by a hornet for 2 turns
  9614 | D:8      | Reached skill level 3 in Invocations
  9615 | D:8      | HP: 1/75 [troll (4)]
  9848 | D:8      | Found a staircase to the Lair.
 10111 | D:8      | Reached XP level 11. HP: 74/74 MP: 13/13
 10157 | D:8      | Found a radiant altar of Vehumet.
 10160 | D:8      | Found a burning altar of Makhleb.
 10508 | D:9      | Found a staircase to the Orcish Mines.
 10514 | D:9      | Reached skill level 10 in Unarmed Combat
 10524 | D:9      | Reached ***** piety under Uskayaw
 10527 | D:9      | Reached skill level 7 in Dodging
 10541 | D:9      | Reached ****** piety under Uskayaw
 10549 | D:9      | Reached skill level 4 in Invocations
 11174 | D:9      | Found a snail-covered altar of Cheibriados.
 11789 | D:9      | Found a sacrificial altar of Ru.
 11790 | D:9      | Found a blossoming altar of Fedhas.
 11995 | D:10     | Entered Level 10 of the Dungeon
 11995 | D:10     | Found a glowing golden altar of the Shining One.
 12009 | D:10     | Reached skill level 9 in Shapeshifting
 12013 | D:10     | Reached skill level 7 in Fighting
 12014 | D:10     | Noticed Erica
 12250 | D:10     | Found a shimmering altar of Xom.
 12376 | D:10     | Killed Erica
 12691 | D:10     | Noticed Urug
 12698 | D:10     | Killed Urug
 12699 | D:10     | Reached skill level 5 in Invocations
 13014 | D:10     | Reached skill level 11 in Unarmed Combat
 13168 | D:10     | Noticed a +0 giant club
 13169 | D:10     | Found Ahory's Weapon Shoppe.
 13170 | D:10     | Noticed a +4 demon blade
 13556 | D:11     | Found a portal to a secret trove of treasure.
 13894 | D:11     | Reached XP level 12. HP: 48/81 MP: 15/15
 14106 | D:10     | Reached skill level 1 in Throwing
 14347 | D:11     | Found Bipsyin's Jewellery Emporium.
 14490 | D:11     | Noticed a boulder beetle
 14734 | D:11     | Noticed a two-headed ogre
 14747 | D:11     | Killed a two-headed ogre
 14748 | D:11     | Reached skill level 8 in Dodging
 14858 | D:11     | Killed a boulder beetle
 15236 | Orc:1    | Entered Level 1 of the Orcish Mines
 15758 | D:9      | Reached skill level 10 in Shapeshifting
 16125 | Orc:1    | Reached skill level 6 in Invocations
 16338 | Orc:2    | Entered Level 2 of the Orcish Mines
 16370 | Orc:2    | Reached skill level 8 in Fighting
 16748 | Orc:1    | Slain by an ogre

Illustrated notes

Levels and vault maps discovered:
D:1:      psy_arrival_radial02, layout_loops_corners, serial_shops,
          nicolae_shop_waterfront, minmay_tall_x
D:2:      layout_basic, basic_altar, uniq_sigmund
D:3:      layout_basic, grunt_ministairs_7, uniq_terence
D:4:      layout_gridville, chequers_serial_rivers_small_a, uniq_natasha
D:5:      layout_basic, gammafunk_temple_overflow_forgotten,
          minmay_temple_entry_glassed_door, serial_shops, kennysheep_little_box,
          portal_sewer_entry_d, amcnicky_mini_rare_corridor_liquid,
          minmay_misc_feat_ornament, uniq_duvessa
D:6:      minmay_angry_zag, layout_basic
D:7:      nzn_winding_woodlands_large [nzn_winding_woodlands_hourglass,
          nzn_winding_woodlands_5x15_crooked,
          nzn_winding_woodlands_5x5_closed_star,
          nzn_winding_woodlands_center_lodge,
          nzn_winding_woodlands_15x15_boxy_spiral,
          nzn_winding_woodlands_center_diamonds,
          nzn_winding_woodlands_5x5_cross,
          nzn_winding_woodlands_5x15_pathside_ponds,
          nzn_winding_woodlands_5x5_open_star], layout_basic,
          lemuel_round_altar, nicolae_qazlal_scattered_showers
D:8:      layout_gridville, grunt_temple_overflow_lords_of_destruction,
          grunt_temple_overflow_gold_and_silver, lemuel_round_altar,
          erik_lair_island
D:9:      layout_roguey, kennysheep_slug_shrine,
          gammafunk_temple_overflow_statue, zombieorc1_lemuel
D:10:     layout_basic, mainiacjoe_overflow_catwalk_spiral, serial_shops,
          nicolae_shop_mannequins, uniq_erica, uniq_urug
D:11:     layout_big_octagon, nicolae_trove_entry_free_sample, serial_shops,
          shop
Temple:   nicolae_temple_little_seven
Orc:1:    layout_caves, basic_altar
Orc:2:    kennysheep_orc_mage_school, layout_diamond_mine,
          nicolae_shop_firing_range

Skill      XL: |  1  2  3  4  5  6  7  8  9 10 11 12 |
---------------+-------------------------------------+-----
Unarmed Combat | 4 5 7 8 9 11 | 11.7
Fighting       | 2 3 4 5 6 7 8 |  8.1
Dodging        | 3 4 5 6 7 8 |  8.3
Shapeshifting  | 4 5 6 7 8 9 10 | 10.1
Invocations    | 1 3 5 6 |  6.1
Throwing       | 1 |  1.4

Action                     |  1- 3 |  4- 6 |  7- 9 | 10-12 || total
---------------------------+-------+-------+-------+-------++-------
  Melee: Unarmed           |    75 |   107 |   215 |   535 ||   932
         Constrict         |    12 |    24 |    45 |   120 ||   201
         Tentacles         |    12 |    18 |    64 |     5 ||    99
         Punch             |       |     5 |     8 |     1 ||    14
  Throw: Dart              |       |       |     1 |       ||     1
    Use: Scroll            |     1 |     3 |     6 |     8 ||    18
         Potion            |       |       |     2 |     2 ||     4
   Stab: Sleeping          |     7 |     6 |    18 |     1 ||    32
         Distracted        |       |       |     2 |     1 ||     3
         Paralysed         |       |       |     1 |    30 ||    31
 Armour: Skin              |     6 |     8 |    11 |   160 ||   185
  Dodge: Dodged            |    43 |    92 |   123 |   352 ||   610
   Form: Anaconda          |       |       |       |     1 ||     1

Table legend: (Time is in decaauts)
 A = Elapsed time spent in this place.
 B = Non-inter-level travel time spent in this place.
 C = Inter-level travel time spent in this place.
 D = Time resting spent in this place.
 E = Time spent auto-exploring this place.
 F = Levels seen in this place.
 G = Mean time per level.
                   A        B        C        D        E       F      G
               +--------+--------+--------+--------+--------+-----+--------+
         Total |  16627 |  16097 |    530 |   5587 |   7805 |  15 | 1108.5 |
       Dungeon |  15442 |  14933 |    509 |   5107 |   7528 |  11 | 1403.8 |
        Temple |      1 |      1 |      0 |      0 |      0 |   1 |    1.0 |
  Orcish Mines |    727 |    707 |     20 |    293 |    203 |   2 |  363.5 |
         Sewer |    455 |    455 |      0 |    187 |     74 |   1 |  455.0 |
               +--------+--------+--------+--------+--------+-----+--------+

Top non-repeatable levels by time:
     D:9: 2480 daAuts
    D:10: 2303 daAuts
     D:7: 1811 daAuts
     D:2: 1700 daAuts
     D:5: 1529 daAuts
     D:1: 1167 daAuts
     D:8: 1110 daAuts
     D:6: 1072 daAuts
     D:4: 838 daAuts
     D:3: 721 daAuts
    D:11: 705 daAuts
   Orc:1: 588 daAuts
   Sewer: 455 daAuts
   Orc:2: 139 daAuts
  Temple: 1 daAuts
